 Dungeon Crawl Stone Soup version 0.29.1 (webtiles) character file.

Game seed: 5504939733517064654

144 qw the Chopper (level 5, -2/32 HPs)
             Began as a Gargoyle Fighter on Sept 13, 2022.
             Killed from afar by an orc wizard (6 damage)
             ... with a magic dart
             ... on level 3 of the Dungeon.
             The game lasted 00:01:18 (3030 turns).

qw the Chopper (Gargoyle Fighter)                   Turns: 3030, Time: 00:01:18

Health: -2/32      AC: 13    Str: 21    XL:     5   Next: 27%
Magic:  5/5        EV:  9    Int:  9    God:
Gold:   122        SH:  4    Dex:  9    Spells: 4/4 levels left

rFire   . . .      SeeInvis .   Y - +0 war axe
rCold   . . .      Faith    .   c - +0 buckler
rNeg    + . .      Spirit   .   b - +0 scale mail
rPois   inf        Reflect  .   (no helmet)
rElec   +          Harm     .   (no cloak)
rCorr   .          Rampage  .   j - +1 pair of gloves
Will    .....                   (no boots)
Stlth   ..........              (no amulet)
HPRegen 0.10/turn               (no ring)
MPRegen 0.09/turn               (no ring)

@: no status effects
A: sickness immunity, AC +4, negative energy resistance 1, electricity
resistance, torment resistance 1, petrification resistance
a: no special abilities


You were on level 3 of the Dungeon.
You visited 1 branch of the dungeon, and saw 3 of its levels.

You collected 122 gold pieces.


Innate Abilities, Weirdness & Mutations

You are immune to sickness and miasma.
Your stone body is resilient. (AC +4)
You are immune to poison.
You resist negative energy. (rN+)
You are resistant to electric shocks. (rElec)
You are resistant to unholy torment.
You are immune to petrification.


   Skills:
 - Level 3.2 Fighting
 + Level 4.8 Axes
 - Level 3.2 Armour
 - Level 3.2 Shields


You had 4 spell levels left.
You didn't know any spells.
Your spell library was empty.

Inventory:

Hand Weapons
 g - a +0 whip
 Y - a +0 war axe (weapon)
Armour
 b - a +0 scale mail (worn)
 c - a +0 buckler (worn)
 j - a +1 pair of gloves (worn)
Scrolls
 i - a scroll of identify
Potions
 d - a potion of might
 e - 2 potions of attraction
 f - a potion of resistance
 m - 3 potions of curing

Dungeon Overview and Level Annotations

Branches:
Dungeon (3/15)

Altars:


Message History

You barely miss the orc wizard. You closely miss the orc priest.
You hit the rat. The white imp gestures at you. The puff of frost hits you!
The orc wizard hits you but does no damage.
The orc priest invokes the aid of Beogh against you.
You barely resist. The rat closely misses you.
You slash the rat!
You kill the rat!
You closely miss the orc.
You hit the orc wizard but do no damage.
You closely miss the orc wizard. You slash the goblin!
You kill the goblin!
You closely miss the orc wizard. You closely miss the orc priest.
The orc priest hits you with a +0 flail.
The orc wizard completely misses you. You block the orc wizard's attack. x2
The orc barely misses you. The orc hits you but does no damage.
The orc wizard hits you but does no damage.
The orc wizard casts a spell at you. You resist with some effort.
The orc priest closely misses you.
The orc wizard hits you but does no damage.
You barely miss the orc wizard. You miss the kobold. You hit the orc wizard.
You hit the orc priest but do no damage.
You closely miss the orc. You closely miss the orc wizard.
You block the orc's attack.
The orc priest hits you with a +0 flail.
The orc wizard barely misses you. The kobold hits you but does no damage.
The orc wizard casts a spell at you. You resist with some effort.
The orc wizard points at you and mumbles some strange words.
The puff of flame hits you.
You barely miss the orc wizard.
The orc wizard is heavily wounded.
You barely miss the kobold.
You hit the orc priest but do no damage.
You hit the orc. You closely miss the orc wizard. x2
The kobold barely misses you. You block the orc priest's attack.
The orc wizard points at you and mumbles some strange words.
The magic dart hits you.
You die...

#### #####...##
##.........
##..........
#...........
#...........
#...oK......
#..%@o.....#
#..ooo.....#
#...#..5.......
#.............#
# ##..........#
#...........
#.........#.
.............#
...... ..


You could see an orc priest, 3 orc wizards, a white imp, an orc and a kobold.

Vanquished Creatures
  Robin (D:3)
  4 adders
  3 worms (D:2)
  A dart slug (D:2)
  15 endoplasms
  2 giant cockroaches (D:1)
  18 goblins
  10 hobgoblins
  A quokka (D:3)
  5 ball pythons
  4 bats
  4 frilled lizards
  2 kobolds
  8 rats
78 creatures vanquished.

Vanquished Creatures (others)
  15 plants (D:2)
15 creatures vanquished.

Grand Total: 93 creatures vanquished

Notes
Turn   | Place    | Note
-------+----------+-------------------------------------------
     0 | D:1      | qw the Gargoyle Fighter began the quest for the Orb.
     0 | D:1      | Reached XP level 1. HP: 14/14 MP: 1/1
     0 | D:1      | 0 ||| qw: Version: 0.1-a-119-g272c26d
     0 | D:1      | 0 ||| qw: Game counter: 11306
     0 | D:1      | 0 ||| qw: Always use a shield: true
     0 | D:1      | 0 ||| qw: God list: Okawaru
     0 | D:1      | 0 ||| qw: Allow faded altars: false
     0 | D:1      | 0 ||| qw: Do Orc after D:15 true
     0 | D:1      | 0 ||| qw: Do second Lair branch before Depths: true
     0 | D:1      | 0 ||| qw: Lair rune preference: random
     0 | D:1      | 0 ||| qw: Plans: Normal, Zot, God:TSO, Crypt, Tomb, Pan,
                  | Slime, Hells, Zig, Abyss, Orb
     0 | D:1      | 0 ||| PLANNING D:1-11
    52 | D:1      | Reached skill level 2 in Axes
   170 | D:1      | Reached XP level 2. HP: 19/19 MP: 2/2
   424 | D:1      | 424 ||| Stepping ~*~*~tactically~*~*~ (stealth).
   429 | D:1      | 429 ||| Stepping ~*~*~tactically~*~*~ (stealth).
   430 | D:1      | 430 ||| Stepping ~*~*~tactically~*~*~ (stealth).
   785 | D:1      | 785 ||| Stepping ~*~*~tactically~*~*~ (stealth).
   795 | D:1      | Reached skill level 3 in Axes
   801 | D:1      | 801 ||| Stepping ~*~*~tactically~*~*~ (stealth).
   802 | D:1      | 802 ||| Stepping ~*~*~tactically~*~*~ (stealth).
   841 | D:1      | Reached XP level 3. HP: 23/23 MP: 3/3
   841 | D:1      | 841 ||| Stepping ~*~*~tactically~*~*~ (stealth).
   842 | D:1      | 842 ||| Stepping ~*~*~tactically~*~*~ (stealth).
   848 | D:1      | 848 ||| Stepping ~*~*~tactically~*~*~ (stealth).
   849 | D:1      | 849 ||| Stepping ~*~*~tactically~*~*~ (stealth).
  1035 | D:1      | 1035 ||| Stepping ~*~*~tactically~*~*~ (stealth).
  1524 | D:1      | 1524 ||| UPGRADING to +1 pair of gloves.
  1529 | D:1      | 1529 ||| DROPPING +6 ring of intelligence.
  1530 | D:1      | 1530 ||| READING scroll labelled MYEFUHI JAEVAU.
  1531 | D:1      | 1531 ||| READING 3 scrolls labelled DAESICR QEGO.
  1532 | D:1      | 1532 ||| READING 2 scrolls labelled IDGHON GIOKAMOS.
  1535 | D:1      | 1535 ||| READING scroll labelled ZIUTIT FOS OLO.
  1536 | D:1      | 1536 ||| READING scroll labelled GELAIJ KEYKK.
  1537 | D:1      | 1537 ||| DRINKING 3 bubbling amethyst potions.
  1538 | D:1      | 1538 ||| READING 2 scrolls of identify.
  1538 | D:1      | 1538 ||| IDENTIFYING fizzy grey potion
  1730 | D:2      | 1730 ||| Stepping ~*~*~tactically~*~*~ (stealth).
  1731 | D:2      | 1731 ||| Stepping ~*~*~tactically~*~*~ (stealth).
  1845 | D:2      | Reached XP level 4. HP: 28/28 MP: 4/4
  2127 | D:2      | 2127 ||| Stepping ~*~*~tactically~*~*~ (stealth).
  2166 | D:2      | 2166 ||| Stepping ~*~*~tactically~*~*~ (hiding).
  2241 | D:2      | Reached skill level 4 in Axes
  2276 | D:2      | 2276 ||| FLEEEEING.
  2280 | D:2      | 2280 ||| FLEEEEING.
  2282 | D:2      | 2282 ||| FLEEEEING.
  2283 | D:2      | 2283 ||| FLEEEEING.
  2284 | D:2      | 2284 ||| FLEEEEING.
  2285 | D:2      | 2285 ||| FLEEEEING.
  2286 | D:2      | 2286 ||| FLEEEEING.
  2287 | D:2      | 2287 ||| FLEEEEING.
  2289 | D:2      | 2289 ||| FLEEEEING.
  2290 | D:2      | 2290 ||| FLEEEEING.
  2291 | D:2      | 2291 ||| FLEEEEING.
  2627 | D:2      | 2627 ||| Stepping ~*~*~tactically~*~*~ (stealth).
  2861 | D:2      | 2861 ||| DROPPING orb of wrath.
  2862 | D:2      | 2862 ||| DRINKING 2 fuming amethyst potions.
  2863 | D:2      | 2863 ||| READING 3 scrolls of identify.
  2863 | D:2      | 2863 ||| IDENTIFYING metallic purple potion
  2864 | D:2      | 2864 ||| READING 2 scrolls of identify.
  2864 | D:2      | 2864 ||| IDENTIFYING murky clear potion
  2865 | D:2      | 2865 ||| DROPPING potion of flight.
  2874 | D:3      | 2874 ||| STAIRDANCE
  2924 | D:3      | 2924 ||| STAIRDANCE
  2990 | D:3      | Reached XP level 5. HP: 32/32 MP: 5/5
  2997 | D:3      | 2997 ||| Stepping ~*~*~tactically~*~*~ (stealth).
  2997 | D:3      | Noticed Robin
  2998 | D:3      | 2998 ||| Stepping ~*~*~tactically~*~*~ (stealth).
  3013 | D:3      | Killed Robin
  3020 | D:3      | HP: 7/32 [hobgoblin[Robin] (4)]
  3021 | D:3      | 3021 ||| READING scroll of teleportation.
  3022 | D:3      | 3022 ||| DRINKING potion of heal wounds.
  3026 | D:3      | 3026 ||| DRINKING 4 potions of curing.
  3026 | D:3      | 3026 ||| (to cure confusion)
  3029 | D:3      | HP: 8/32 [orc priest/+0 flail (6)]
  3030 | D:3      | Killed from afar by an orc wizard

Levels and vault maps discovered:
D:1:      dpeg_arrival_water_temple_mockup, layout_loops_corners,
          serial_aquarium, aquarium_bridge_square [aquarium_subvault_bridge,
          aquarium_subvault_window, aquarium_subvault_balcony,
          aquarium_subvault_bridge], aquarium_bridge_square
          [aquarium_subvault_wall, aquarium_subvault_wall,
          aquarium_subvault_bridge, aquarium_subvault_bridge],
          aquarium_window_1, aquarium_window_fake, aquarium_window_1,
          aquarium_view_2d, aquarium_view_2b, aquarium_pool_double,
          shapermc_ecumenical_altar_petra
D:2:      minmay_chambers_of_ones, layout_rooms,
          nicolae_concentric_dashed_squares_mild,
          chequers_serial_rivers_micro_e, serial_bayou_ford_a
D:3:      layout_rooms, uniq_robin, uniq_crazy_yiuf_cottage

Skill      XL: |  1  2  3  4 |
---------------+-------------+-----
Axes           | 2 3 4 |  4.8
Fighting       | |  3.2
Armour         | |  3.2
Shields        | |  3.2

Action                   |  1- 3 |  4- 6 || total
-------------------------+-------+-------++-------
Melee: War axe           |   139 |   127 ||   266
  Use: Scroll            |     6 |     3 ||     9
       Potion            |     1 |     3 ||     4
Armor: Scale mail        |    62 |    63 ||   125
Dodge: Dodged            |    44 |    61 ||   105
Block: Buckler           |    30 |    29 ||    59

Table legend:
 A = Non-vault XP
 B = Vault XP
 C = Vault XP percentage of total XP
 D = Non-vault monster count
 E = Vault monster count
 F = Vault count percentage of total count
                 A         B        C        D         E       F
            +---------+---------+-------+---------+---------+-------
      Total |     148 |      59 |  28.5 |      62 |      16 |  20.5
            +---------+---------+-------+---------+---------+-------
        D:1 |      54 |       0 |   0.0 |      32 |       0 |   0.0
        D:2 |      73 |      23 |  24.0 |      25 |       5 |  16.7
        D:3 |      21 |      36 |  63.2 |       5 |      11 |  68.8
            +---------+---------+-------+---------+---------+-------
